 Dungeon Crawl Stone Soup version 0.16.1-25-gbcee3f8 (webtiles) character file.

35 Z4ng3tsu the Magician (level 3, -5/21 HPs)
             Began as a High Elf Wizard on May 20, 2015.
             Was an Initiate of the Shining One (penitent).
             Killed from afar by a white imp (13 damage)
             ... with a puff of frost
             ... summoned by the player character
             ... on level 2 of the Dungeon.
             The game lasted 00:20:05 (1786 turns).

Z4ng3tsu the Magician (High Elf Wizard)             Turns: 1786, Time: 00:20:05

Health: -5/21      AC:  2    Str:  6    XL:     3   Next: 16%
Magic:  7/11       EV: 15    Int: 22    God:    the Shining One [*]
Gold:   72         SH:  0    Dex: 17    Spells: 3 memorised, 5 levels left

rFire  . . .     SeeInvis .     (no weapon)
rCold  . . .     Clarity  .     a - +0 robe
rNeg   . . .     SustAb   .     (no shield)
rPois  .         Gourm    .     b - +0 hat
rElec  .         Spirit   .     (no cloak)
rCorr  .         Warding  .     (no gloves)
rMut   .         Stasis   .     (no boots)
MR     .....                    (no amulet)
Stlth  ++........               j - +3 ring of dexterity
                                g - +2 ring of evasion

@: lethally poisoned (-5 -> -12), very slightly contaminated, not resistant to
hostile enchantments, unstealthy
A: blink 1
a: Blink, Renounce Religion


You were on level 2 of the Dungeon.
You worshipped the Shining One.
The Shining One was demanding penance.
You were not hungry.

You visited 1 branch of the dungeon, and saw 2 of its levels.

You collected 72 gold pieces.

Inventory:

Armour
 a - a +0 robe (worn)
 b - a +0 hat (worn)
 k - a +0 robe
Jewellery
 g - a +2 ring of evasion (left hand)
 j - a +3 ring of dexterity (right hand)
Scrolls
 h - a scroll of teleportation
 i - 2 scrolls of remove curse
Potions
 e - a potion of heal wounds {unknown}
 f - a potion of might {unknown}
 l - a potion of cancellation
 n - a potion of lignification {unknown}
Books
 c - a book of Minor Magic

   Spells                             Type                      Level
   a - Magic Dart                     Conjuration                  1
   b - Blink                          Translocation                2
   c - Call Imp                       Summoning                    2
   d - Repel Missiles                 Charms/Air                   2
   e - Slow                           Hexes                        2
   f - Conjure Flame                  Conjuration/Fire             3
   g - Mephitic Cloud                 Conjuration/Poison/Air       3
Comestibles
 d - a bread ration


   Skills:
 + Level 2.9 Dodging
 + Level 2.2 Stealth
 + Level 0.2 Unarmed Combat
 + Level 4.2 Spellcasting
 + Level 1.5 Conjurations
 + Level 1.0 Summonings
 + Level 1.1 Translocations


You had 5 spell levels left.
You knew the following spells:

 Your Spells              Type           Power        Failure   Level  Hunger
a - Magic Dart            Conj           ##..         8%          1    None
b - Call Imp              Summ           #.......     12%         2    #......
c - Blink                 Tloc           N/A          12%         2    #......


Dungeon Overview and Level Annotations

Branches:
Dungeon (2/15)

Altars:
The Shining One


Innate Abilities, Weirdness & Mutations

You can translocate small distances at will.


Message History

You barely miss the adder. The adder barely misses you. The adder bites you.
You hit the adder.
The adder is lightly wounded.
The white imp closely misses you. The adder closely misses you.
You hit the adder.
The adder is moderately wounded.
The white imp hits you. The white imp freezes you.
The adder closely misses you.
You barely miss the adder.
The adder is moderately wounded.
The adder bites you.
You are poisoned.
The adder poisons you!
The white imp hits you but does no damage.
The adder closely misses you.
You feel sick. The white imp gestures at you. The puff of frost hits you!
Ouch! That really hurt!
You die...

#.................#...
#.#####.....†...###....
#.........###.....
##.#####.........
####.....#..###....
#....###.#..# .
#.##...#.#..#
#.##.#....#.#..#
#......@.......#
###.#....#.##.## #
#.5S##.##.# ###....##.#
..#####.# ##?# #.# #..
..# ### ###


You could see an adder and a white imp.

Vanquished Creatures
  2 giant geckos (D:1)
  4 bats
  A giant cockroach (D:2)
  2 goblins (D:1)
  3 hobgoblins
  A quokka (D:2)
  A ball python (D:1)
  5 giant newts (D:2)
  3 kobolds (D:1)
  4 rats
26 creatures vanquished.

Vanquished Creatures (collateral kills)
  An adder (D:2)
  A hobgoblin (D:1)
  A kobold (D:1)
  A rat (D:1)
4 creatures vanquished.

Vanquished Creatures (others)
  A crimson imp (D:2)
1 creature vanquished.

Grand Total: 31 creatures vanquished

Notes
Turn   | Place    | Note
--------------------------------------------------------------
     0 | D:1      | Z4ng3tsu, the High Elf Wizard, began the quest for the Orb.
     0 | D:1      | Reached XP level 1. HP: 11/11 MP: 5/5
    18 | D:1      | Gained mutation: You can translocate small distances at will. [potion of beneficial mutation]
   262 | D:1      | Reached XP level 2. HP: 9/17 MP: 4/7
   266 | D:1      | Learned a level 2 spell: Call Imp
   269 | D:1      | Learned a level 2 spell: Blink
   417 | D:1      | Reached skill level 1 in Summonings
   699 | D:1      | Reached skill level 4 in Spellcasting
  1612 | D:2      | Found a glowing golden altar of the Shining One.
  1646 | D:2      | Reached XP level 3. HP: 16/21 MP: 0/11
  1773 | D:2      | Became a worshipper of the Shining One
  1780 | D:2      | Was placed under penance by the Shining One
  1786 | D:2      | Killed from afar by a white imp

Action                   || total
-------------------------++-------
Melee: Unarmed           ||    49
 Cast: Magic Dart        ||    39
       Call Imp          ||     9
  Use: Scroll            ||     2
       Potion            ||     2
  Eat: Meat ration       ||     1
       Beef jerky        ||     1
